AoeStats
← Mr.Sleeky

Fortress

509880648Analyzed
3v3 RM · 5d ago on Sep 28, 2026· 34m 50s· 6 players
Game mode
Random Map
Map size
Large (8 player)
Population
200
Speed
Normal
Resources
Standard
Victory
Conquest
Starting age
Dark Age
Ending age
Imperial Age
RankedLock teamsTeams togetherTeam positionsShared explorationLock speedFull tech treeHidden civsTurbo modeCheats
Victory
Defeat
🇨🇦 Saxons · Canada
1178
+10
🇨🇦 Saracens · Canada
1096
+13
🇨🇦 Shu · Canada
1002
+16
🇩🇪 Khmer · Germany
1049
-14
🇪🇸 Franks · Spain
1018
-13
🇪🇸 Huns · Spain
1001
-20
Frank9112750
8:55 Feudal Age
13:45 Castle Age
11:54 Double-Bit Axe
12:02 Horse Collar
12:18 Gold Mining
13:02 Forging
15:16 Scale Barding Armor
15:23 Marauders
15:38 Bloodlines
15:29 Husbandry
19:22 Iron Casting
19:44 Heavy Plow
21:44 Chain Barding Armor
Juda
7:32 Feudal Age
11:06 Castle Age
9:27 Double-Bit Axe
9:27 Horse Collar
10:00 Loom
10:54 Gold Mining
11:00 Stone Mining
12:06 Bow Saw
14:21 Heavy Plow
17:09 Wheelbarrow
psycomp3
9:27 Feudal Age
12:24 Double-Bit Axe
15:42 Wheelbarrow
16:06 Town Watch
19:33 Castle Age
19:24 Gold Mining
19:27 Stone Mining
19:49 Forging
20:09 Scale Mail Armor
21:33 Bow Saw
22:04 Gold Shaft Mining
22:08 Iron Casting
22:07 Caravan
23:45 Hand Cart
25:10 Chain Mail Armor
lhermite
7:09 Loom
9:05 Feudal Age
14:08 Castle Age
13:41 Double-Bit Axe
13:37 Horse Collar
17:05 Bow Saw
17:08 Heavy Plow
19:36 Wheelbarrow
22:45 Bloodlines
22:36 Husbandry
22:44 Scale Barding Armor
34:27 Hand Cart
Mr.Sleeky
6:56 Feudal Age
11:36 Castle Age
9:39 Horse Collar
10:05 Double-Bit Axe
11:07 Scale Mail Armor
11:29 Gold Mining
12:27 Forging
17:00 Bow Saw
18:05 Heavy Plow
18:24 Chain Mail Armor
20:22 Iron Casting
20:28 Stone Mining
21:15 Gold Shaft Mining
22:09 Fletching
22:52 Pikeman
23:33 Squires
23:45 Bodkin Arrow
28:26 Loom
29:16 Wheelbarrow
31:50 Hand Cart
36:55 Imperial Age
๖ۣۜSup£r Towelie
8:23 Feudal Age
12:47 Wheelbarrow
12:12 Gold Mining
12:57 Horse Collar
15:19 Castle Age
13:42 Double-Bit Axe
15:44 Crossbowman
16:16 Fletching
16:27 Padded Archer Armor
16:37 Thumb Ring
17:34 Bow Saw
20:14 Bodkin Arrow
20:55 Heavy Plow
22:00 Hand Cart
22:10 Hand Cart
22:45 Gold Shaft Mining
22:55 Stone Mining
24:35 Leather Archer Armor
26:25 Pikeman
27:14 Squires
27:00 Arson
32:12 Imperial Age
30:28 Ballistics
33:02 Bracer
32:26 Arbalester
34:09 Chemistry
33:42 Ring Archer Armor
Connection lost

Rejoining the realm…

Still unreachable

The connection could not be restored.

Session expired

The server has moved on; the page needs a fresh start.